AoeStats
← [ KOF ] M. Kowalski

African Clearing

506751738Analyzed
4v4 RM · 17d ago on Sep 15, 2026· 54m 54s· 8 players
Game mode
Random Map
Map size
Large (8 player)
Population
200
Speed
Normal
Resources
Standard
Victory
Conquest
Starting age
Dark Age
Ending age
Imperial Age
RankedLock teamsTeams togetherTeam positionsShared explorationLock speedFull tech treeHidden civsTurbo modeCheats
Victory
Defeat
🇧🇷 Berbers · Brazil
1517
+15
🇨🇳 Huns · China
1478
+16
🇺🇸 Mongols · United States
1402
+19
🇮🇹 Tupi · Italy
1382
+20
🇵🇪 Spanish · Peru
1658
-24
🇲🇽 Mapuche · Mexico
1631
-23
🇦🇷 Vietnamese · Argentina
1365
-13
🇦🇷 Berbers · Argentina
1280
-10
D哥
5:25 Loom
16:19 Feudal Age
19:08 Double-Bit Axe
21:54 Castle Age
21:21 Gold Mining
25:28 Bow Saw
26:15 Fishing Lines
28:52 Scale Barding Armor
30:23 Chain Barding Armor
31:32 Forging
32:46 Horse Collar
34:31 Wheelbarrow
41:43 Imperial Age
40:03 Gold Shaft Mining
39:45 Marauders
40:47 Iron Casting
40:43 Hand Cart
40:14 Town Watch
41:13 Stone Mining
41:50 Bloodlines
41:53 Cavalier
42:34 Husbandry
42:58 Conscription
43:16 Paladin
45:00 Plate Barding Armor
46:38 Blast Furnace
45:36 Light Cavalry
46:10 Hussar
48:12 Two-Man Saw
47:55 Padded Archer Armor
47:46 Fletching
49:07 Bodkin Arrow
49:27 Leather Archer Armor
50:17 Capped Ram
52:10 Elite Tarkan
53:54 Parthian Tactics
53:35 Thumb Ring
52:50 Crossbowman
ForeverNoob
10:36 Feudal Age
12:34 Loom
15:35 Fletching
19:42 Double-Bit Axe
24:52 Castle Age
26:31 Bodkin Arrow
28:13 Horse Collar
33:37 Wheelbarrow
37:31 Ballistics
41:19 Husbandry
42:41 Bow Saw
46:25 Imperial Age
44:00 Padded Archer Armor
47:09 Bracer
48:57 Chemistry
51:20 Hand Cart
Saraiva
3:00 Loom
14:00 Feudal Age
18:40 Castle Age
16:47 Double-Bit Axe
19:04 Horse Collar
19:57 Bow Saw
20:06 Fletching
24:31 Bodkin Arrow
26:47 Padded Archer Armor
30:43 Gold Mining
31:00 Kasbah
31:25 Heavy Plow
32:19 Husbandry
34:13 Bloodlines
36:31 Ballistics
36:43 Leather Archer Armor
37:25 Gold Shaft Mining
37:26 Wheelbarrow
36:37 Town Watch
40:35 Imperial Age
40:03 Scale Barding Armor
40:08 Forging
41:29 Bracer
42:01 Ring Archer Armor
41:20 Elite Camel Archer
42:19 Heavy Camel Rider
43:21 Chain Barding Armor
43:06 Stone Mining
46:03 Plate Barding Armor
48:16 Iron Casting
53:02 Blast Furnace
52:33 Conscription
53:18 Coinage
54:37 Chemistry
54:34 Maghrebi Camels
GdR_Charizard
8:32 Loom
11:28 Feudal Age
12:49 Double-Bit Axe
13:46 Fletching
24:06 Castle Age
25:16 Bow Saw
24:59 Stone Mining
24:40 Crossbowman
25:17 Bodkin Arrow
30:36 Fishing Lines
34:15 Wheelbarrow
38:15 Gold Mining
38:06 Horse Collar
42:15 Imperial Age
40:54 Heavy Plow
41:30 Gold Shaft Mining
41:26 Hand Cart
41:03 Champi Runner
41:44 Squires
42:04 Champi Warrior
42:52 Gillnets
43:21 Scale Mail Armor
44:22 Conscription
45:32 Two-Man Saw
44:50 Chain Mail Armor
44:46 Forging
45:53 Caciques
45:10 Elite Champi Warrior
45:28 Pikeman
51:14 Town Watch
52:05 Plate Mail Armor
52:11 Iron Casting
51:36 Bracer
53:49 Chemistry
53:10 Ballistics
52:30 Treadmill Crane
52:47 Murder Holes
52:42 Halberdier
53:07 Capped Ram
55:04 Arson
55:22 Bracer
54:50 Siege Ram
VX | Anubis
6:19 Loom
14:31 Feudal Age
18:12 Castle Age
17:09 Double-Bit Axe
18:30 Forging
20:33 Bow Saw
30:53 Wheelbarrow
34:03 Horse Collar
36:02 Iron Casting
36:01 Hand Cart
37:57 Heavy Plow
37:48 Gold Mining
37:48 Stone Mining
41:48 Imperial Age
41:55 Fletching
42:06 Padded Archer Armor
41:51 Elite Kona
44:27 Blast Furnace
44:53 Conscription
45:42 Chemistry
49:56 Bodkin Arrow
50:17 Leather Archer Armor
50:52 Malon
51:44 Murder Holes
51:48 Elite Bolas Rider
54:17 Ballistics
Homero Thomson
5:55 Loom
13:18 Feudal Age
23:27 Double-Bit Axe
33:08 Castle Age
34:43 Wheelbarrow
37:49 Town Watch
43:17 Bow Saw
50:58 Imperial Age
50:37 Fletching
50:48 Padded Archer Armor
51:00 Gold Mining
51:41 Bodkin Arrow
53:01 Elite Genitour
53:50 Bracer
[KOF] ReKieM
12:47 Feudal Age
16:32 Castle Age
14:49 Double-Bit Axe
18:08 Loom
24:15 Padded Archer Armor
25:25 Leather Archer Armor
25:40 Bow Saw
29:12 Bloodlines
30:44 Wheelbarrow
29:56 Town Watch
30:24 Husbandry
34:15 Stone Mining
34:16 Gold Mining
36:29 Horse Collar
37:06 Hand Cart
39:22 Imperial Age
37:00 Scale Barding Armor
37:06 Forging
37:18 Town Patrol
38:15 Stone Shaft Mining
37:37 Light Cavalry
39:01 Chain Barding Armor
39:32 Iron Casting
39:52 Sanctity
39:29 Cavalier
40:47 Plate Barding Armor
40:34 Pikeman
41:15 Squires
41:16 Scale Mail Armor
42:16 Blast Furnace
41:06 Paladin
43:48 Chain Mail Armor
45:35 Fletching
47:01 Plate Mail Armor
46:41 Halberdier
[ KOF ] M. Kowalski
11:15 Loom
14:24 Feudal Age
20:51 Castle Age
31:25 Town Watch
35:06 Wheelbarrow
38:35 Hand Cart
Connection lost

Rejoining the realm…

Still unreachable

The connection could not be restored.

Session expired

The server has moved on; the page needs a fresh start.